 Dungeon Crawl Stone Soup version 0.24.1-14-gf8d2b509d9 (webtiles) character file.

Game seed: 6658711001532396676, levelgen mode: deterministic

1356 KlarStein the Conjurer (level 8, -1/46 HPs)
             Began as a Deep Elf Conjurer on Dec 5, 2020.
             Was an Initiate of Vehumet.
             Slain by a mummy (3 damage)
             ... on level 7 of the Dungeon.
             The game lasted 00:54:21 (6984 turns).

KlarStein the Conjurer (Deep Elf Conjurer)          Turns: 6984, Time: 00:54:21

Health: -1/46      AC:  5    Str: 10    XL:     8   Next: 37%
Magic:  1/19       EV: 17    Int: 28    God:    Vehumet [......]
Gold:   297        SH:  0    Dex: 15    Spells: 9/19 levels left

rFire    . . .     SeeInvis .   i - +2 hand axe (chop)
rCold    . . .     Gourm    .   (no shield)
rNeg     . . .     Faith    .   G - +0 robe
rPois    .         Spirit   .   m - +1 helmet
rElec    .         Reflect  .   o - +0 cloak
rCorr    .         Harm     .   (no gloves)
MR       +....                  (no boots)
Stlth    +++.......             (no amulet)
HPRegen  0.15/turn              j - ring of protection from magic
MPRegen  0.16/turn              u - +2 ring of evasion

@: mighty, brilliant
A: no striking features
a: Renounce Religion


You were on level 7 of the Dungeon.
You worshipped Vehumet.
Vehumet was noncommittal.
You were hungry.

You visited 2 branches of the dungeon, and saw 8 of its levels.
You also visited: Ossuary.

You collected 297 gold pieces.

Inventory:

Hand Weapons
 g - a +1 short sword
 i - a +2 hand axe of chopping (weapon)
 q - a +0 hunting sling
 A - a +0 longbow
Missiles
 f - 6 datura-tipped darts (quivered)
 t - 2 boomerangs of dispersal
 v - 55 sling bullets
Armour
 m - a +1 helmet (worn)
 o - a +0 cloak (worn)
 G - a +0 robe (worn)
Magical Staves
 s - an uncursed staff of fire {unknown}
Jewellery
 j - a ring of protection from magic (left hand)
 u - a +2 ring of evasion (right hand)
Wands
 l - a wand of digging (7)
 r - a wand of flame (23)
 E - a wand of acid (10)
Scrolls
 h - a scroll of remove curse
 p - 2 scrolls of enchant armour
 y - 4 scrolls of identify
 C - a scroll of magic mapping
Potions
 b - 2 potions of curing
 d - a potion of brilliance
 k - a potion of cancellation {unknown}
 n - a potion of haste {unknown}
 w - a potion of heal wounds
 x - 2 potions of lignification
 z - a potion of degeneration
 B - a potion of magic
 D - a potion of flight {unknown}
Comestibles
 c - 6 rations


   Skills:
 + Level 3.3 Fighting
 + Level 5.5 Dodging
 + Level 4.2 Stealth
 + Level 6.3 Spellcasting
 + Level 6.5 Conjurations
 - Level 4.0 Hexes
 + Level 3.5 Evocations


You had 9 spell levels left.
You knew the following spells:

 Your Spells              Type           Power        Failure   Level  Hunger
a - Magic Dart            Conj           ####         1%          1    None
b - Searing Ray           Conj           ######       1%          2    None
c - Dazzling Spray        Conj/Hex       ######       1%          3    None
d - Iskenderun's Mystic   Conj           ######..     1%          4    ###....

Your spell library contained the following spells:

 Spells                   Type           Power        Failure   Level  Hunger
 Force Lance              Conj/Tloc      #####...     1%          4    ###....
 Fulminant Prism          Conj/Hex       ######....   1%          4    ###....


Dungeon Overview and Level Annotations

Branches:
Dungeon (7/15)             Temple (1/1) D:6         Ossuary (visited)

Altars:
Ashenzari
Cheibriados
Dithmenos
Elyvilon
Fedhas
Gozag
Hepliaklqana
Kikubaaqudgha
Makhleb
Nemelex Xobeh
Okawaru
Qazlal
Ru
Sif Muna
Trog
Uskayaw
Vehumet
Xom
Yredelemnul
Zin


Message History

The mummy hits you. The mummy hits you!
There is an empty arch of ancient stone, spattered with blood here.
There is a gate leading back out of this place, spattered with blood here.
The mummy barely misses you. The mummy hits you!!
* * * LOW HITPOINT WARNING * * *
Welcome back to the Dungeon!
There is a collapsed entrance here.
The mummy closely misses you.
Okay, then.
Casting: Magic Dart (safe; 1% risk of failure)
Confirm with . or Enter, or press ? or * to list all spells.
Aiming: Searing Ray (safe; 1% risk of failure)
Press: ? - help, Shift-Dir - straight line, f - mummy
Aim: a mummy The searing ray hits the mummy!
The mummy is moderately damaged. (Press . to maintain the ray.)
The mummy hits you.
You die...

#........
#<.......
#....####
###..'#######+ .#
#.>..#...#...# ...
#.#.##.>.#.>.#
....#.#.##...#...#
.....%#.###### ###
.#...##.@.#...#
..#.#.##MMM#.>.#
.. #.#.##...#...#
# #..'#######+
###..# #.....
##...... .......
....###


You could see 3 mummies.

Vanquished Creatures
  Sigmund (D:6)
  An orc warrior (D:6)
  An ice beast (D:5)
  An ogre (D:4)
  A centaur (D:5)
  2 scorpions
  A crimson imp (D:5)
  A centaur zombie (D:6)
  3 hounds
  3 orc priests
  3 orc wizards
  5 worker ants
  2 hound zombies
  Robin (D:2)
  A worker ant zombie (D:5)
  5 gnolls
  6 adders
  3 oozes
  An adder zombie (D:5)
  A worm (D:5)
  2 dart slugs
  15 orcs
  A ball python (D:2)
  5 bats
  2 giant cockroaches
  13 goblins
  8 hobgoblins
  15 jackals
  8 kobolds
  3 quokkas
  8 frilled lizards
  2 gnoll zombies (Ossuary)
  A hobgoblin zombie (Ossuary)
  A kobold zombie (Ossuary)
  2 orc zombies (Ossuary)
  8 rats
137 creatures vanquished.

Vanquished Creatures (collateral kills)
  A goblin (D:2)
  A hobgoblin (D:2)
2 creatures vanquished.

Grand Total: 139 creatures vanquished

Notes
Turn   | Place    | Note
-------+----------+-------------------------------------------
     0 | D:1      | KlarStein the Deep Elf Conjurer began the quest for the
                  | Orb.
     0 | D:1      | Reached XP level 1. HP: 10/10 MP: 6/6
   149 | D:1      | Reached XP level 2. HP: 2/16 MP: 1/8
   780 | D:1      | Reached XP level 3. HP: 20/20 MP: 7/9
  1174 | D:2      | Noticed Robin
  1263 | D:2      | Reached skill level 1 in Fighting
  1305 | D:2      | Killed Robin
  1305 | D:2      | Reached XP level 4. HP: 25/25 MP: 1/11
  1326 | D:2      | Learned a level 2 spell: Searing Ray
  1756 | D:2      | Reached skill level 5 in Conjurations
  1982 | D:2      | Found a shimmering altar of Xom.
  2586 | D:3      | Reached XP level 5. HP: 29/29 MP: 10/13
  2707 | D:3      | Found a basalt altar of Yredelemnul.
  2898 | D:3      | Found a sparkling altar of Nemelex Xobeh.
  3312 | D:4      | Learned a level 3 spell: Dazzling Spray
  3317 | D:4      | Learned a level 4 spell: Iskenderun's Mystic Blast
  3367 | D:4      | Noticed an ogre
  3580 | D:4      | Reached skill level 1 in Hexes
  3580 | D:4      | Reached XP level 6. HP: 35/35 MP: 8/14
  3860 | D:4      | Reached skill level 1 in Evocations
  4107 | D:4      | Reached skill level 5 in Spellcasting
  4300 | D:4      | Found a sparkling altar of Nemelex Xobeh.
  4407 | D:5      | Entered Level 5 of the Dungeon
  4571 | D:5      | Reached XP level 7. HP: 40/40 MP: 2/16
  4722 | D:5      | Found an opulent altar of Gozag.
  4722 | D:5      | Found a white marble altar of Elyvilon.
  5350 | D:5      | Found a glowing silver altar of Zin.
  5422 | D:5      | Reached skill level 5 in Dodging
  5820 | D:6      | Found an ancient bone altar of Kikubaaqudgha.
  5938 | D:6      | Found an iron altar of Okawaru.
  5994 | D:6      | Noticed Sigmund
  6075 | D:6      | Killed Sigmund
  6075 | D:6      | Reached XP level 8. HP: 46/46 MP: 7/19
  6756 | D:6      | Found a staircase to the Ecumenical Temple.
  6765 | Temple   | Entered the Ecumenical Temple
  6848 | Temple   | Became a worshipper of Vehumet
  6931 | D:7      | Found a sand-covered staircase.
  6952 | Ossuary  | Entered an ossuary
  6981 | Ossuary  | HP: 2/46 [mummy (19)]
  6984 | D:7      | Slain by a mummy

Levels and vault maps discovered:
D:1:      matt_arrival_los_fun, layout_loops_corners
D:2:      layout_basic, xom_teletrap_fun, st_stairs_14, roderic_roman_lattice,
          uniq_robin
D:3:      layout_rooms, marbit_many_paths, nemelex_spade_bored_becter
D:4:      layout_loops_cross, lemuel_coloured_pillars_altar, first_ration
D:5:      layout_rooms, lemuel_doored_altar, gammafunk_temple_overflow_pools
D:6:      layout_basic, nicolae_overflow_crystal_walls, okawaru_gym_becter,
          minmay_temple_entry_statues_pillars, uniq_sigmund
D:7:      layout_basic, nicolae_ossuary_entry_false_entrances
Temple:   nicolae_temple_x_marks_the_god

Skill      XL: |  1  2  3  4  5  6  7  8 |
---------------+-------------------------+-----
Stealth        | 3 4 |  4.2
Dodging        | 3 4 5 |  5.5
Fighting       | 1 2 3 |  3.3
Spellcasting   | 4 5 6 |  6.3
Conjurations   | 5 6 |  6.5
Hexes          | 1 2 3 4 |  4.0
Evocations     | 1 3 |  3.5

Action                   |  1- 3 |  4- 6 |  7- 9 || total
-------------------------+-------+-------+-------++-------
Melee: Short sword       |       |    16 |     2 ||    18
       Hand axe          |       |       |     4 ||     4
Throw: Dart              |     1 |       |     1 ||     2
 Cast: Magic Dart        |    70 |   100 |    41 ||   211
       Searing Ray       |       |    20 |    19 ||    39
       Dazzling Spray    |       |     2 |     8 ||    10
       Iskenderun's Myst |       |     1 |    11 ||    12
  Use: Scroll            |       |    10 |     4 ||    14
       Potion            |       |       |     2 ||     2
  Eat: Chunk             |     1 |    10 |     8 ||    19
Armor: Robe              |     2 |     6 |     3 ||    11
Dodge: Dodged            |     7 |    32 |    41 ||    80
